 Dungeon Crawl Stone Soup version 0.20-a0-556-g892c87b (webtiles) character file.

31 polly the Sneak (level 3, 0/18 HPs)
             Began as a Spriggan Assassin on Feb 5, 2017.
             Slain by a worm (10 damage)
             ... on level 2 of the Dungeon.
             The game lasted 00:02:08 (1582 turns).

polly the Sneak (Spriggan Assassin)                 Turns: 1582, Time: 00:02:09

Health: 0/18       AC:  3    Str:  7    XL:     3   Next: 7%
Magic:  4/4        EV: 17    Int: 12    God:
Gold:   61         SH:  3    Dex: 18    Spells: 2/2 levels left

rFire    . . .     SeeInvis +   a - +2 dagger
rCold    . . .     Gourm    .   c - +0 robe
rNeg     . . .     Faith    .   (shield restricted)
rPois    +         Spirit   .   (helmet restricted)
rElec    .         Reflect  +   d - +0 cloak
rCorr    .         Harm     .   (gloves unavailable)
MR       .....                  (boots unavailable)
Stlth    ++++......             l - +3 amulet of reflection
Regen    0.1/turn               (no ring)
                                k - ring of poison resistance

@: very quick
A: unfitting armour, see invisible, herbivore 3, speed 3, slow metabolism 2
a: no special abilities


You were on level 2 of the Dungeon.
You were not hungry.

You visited 1 branch of the dungeon, and saw 2 of its levels.

You collected 61 gold pieces.

Inventory:

Hand Weapons
 a - a +2 dagger (weapon)
 b - a +0 blowgun
Missiles
 e - 8 poisoned needles
 f - 2 curare-tipped needles
Armour
 c - a +0 robe (worn)
 d - a +0 cloak (worn)
Jewellery
 k - a ring of poison resistance (left hand)
 l - a +3 amulet of reflection (around neck)
Scrolls
 h - a scroll of remove curse {unknown}
 i - 2 scrolls of identify {unknown}
 m - a scroll of teleportation {unknown}
Potions
 j - a potion of heal wounds {unknown}
 n - a potion of haste {unknown}
Comestibles
 g - a bread ration


   Skills:
 + Level 1.7 Fighting
 + Level 2.5 Short Blades
 + Level 2.2 Throwing
 + Level 1.9 Dodging
 + Level 6.8 Stealth


You had 2 spell levels left.
You didn't know any spells.

Dungeon Overview and Level Annotations

Branches:
Dungeon (2/15)

Altars:
Ashenzari


Innate Abilities, Weirdness & Mutations

You are very small and have problems with some larger weapons.
You are too small for most types of armour.
You have supernaturally acute eyesight. (SInv)
You are a herbivore.
You cover ground extremely quickly.
You need consume almost no food.


Message History

You hit the bat but do no damage. The bat closely misses you.
You block the bat's attack. The bat completely misses you.
You hit the bat but do no damage. The bat closely misses you.
You closely miss the bat. You block the bat's attack.
The bat hits you but does no damage.
You hit the bat but do no damage. The bat completely misses you.
You hit the bat.
The bat is severely wounded.
You block the bat's attack. x2
You closely miss the bat.
The bat is severely wounded.
The bat closely misses you.
You hit the bat but do no damage.
The bat is severely wounded.
The bat misses you.
You hit the bat.
You kill the bat!
The worm bites you!
Ouch! That really hurt!
You die...

........ ..# # ....#.# ..#.#
. .....# ..#.#.. #
#.#.###....... #. #.....
.......
#.#####.##.#.###....#..
...............".......
...........#w#.........
#..........#@###....##. #.
#.#...(.##.#.# ....... ..
#.#.....##.#.###....##.... ..
+......................... ..
#.......########....#........
#....(..#### #....#....#.##
#..####....#####....#....#.##
#..# #......................
+# #..#
#..#........†..........


You could see a worm.

Vanquished Creatures
  A leopard gecko (D:2)
  2 giant cockroaches
  8 hobgoblins
  A quokka (D:2)
  A ball python (D:2)
  6 bats
  A frilled lizard (D:2)
  3 kobolds
  5 rats
28 creatures vanquished.

Notes
Turn   | Place    | Note
-------+----------+-------------------------------------------
     0 | D:1      | polly the Spriggan Assassin began the quest for the Orb.
     0 | D:1      | Reached XP level 1. HP: 10/10 MP: 2/2
    50 | D:1      | Reached skill level 6 in Stealth
   499 | D:1      | Reached XP level 2. HP: 6/15 MP: 3/3
  1013 | D:1      | Found a shattered altar of Ashenzari.
  1482 | D:2      | Reached XP level 3. HP: 15/18 MP: 4/4
  1582 | D:2      | Slain by a worm

Vault maps used:
D:1:      evilmike_arrival_plus, evilmike_ruin_ashenzari
D:2:      lemuel_coloured_pillars_altar

Skill      XL: |  1 |
---------------+----+-----
Stealth        | 6 |  6.8
Fighting       | |  1.7
Short Blades   | |  2.5
Throwing       | |  2.2
Dodging        | |  1.9

Action                   || total
-------------------------++-------
Melee: Dagger            ||   117
 Stab: Sleeping          ||     4
       Distracted        ||     1
Armor: Robe              ||    18
Dodge: Dodged            ||    83
Block: Other             ||    13
